AoeStats
← njr0210

Arena

510150142Analyzed
1v1 RM · 4d ago on Sep 29, 2026· 32m 23s· 2 players
Game mode
Random Map
Map size
Tiny (2 player)
Population
200
Speed
Normal
Resources
Standard
Victory
Conquest
Starting age
Dark Age
Ending age
Imperial Age
RankedLock teamsTeams togetherTeam positionsShared explorationLock speedFull tech treeHidden civsTurbo modeCheats
Victory
Defeat
🇳🇱 Magyars · Netherlands
753
+15
🇬🇧 Japanese · United Kingdom
742
-15
njr0210
9:58 Feudal Age
8:14 Loom
10:30 Double-Bit Axe
18:22 Castle Age
16:23 Gold Mining
18:07 Scale Barding Armor
18:05 Scale Mail Armor
17:58 Fletching
18:37 Forging
20:18 Squires
20:38 Bow Saw
24:13 Wheelbarrow
24:03 Man-at-Arms
25:46 Husbandry
25:57 Bloodlines
26:24 Gambesons
26:42 Treadmill Crane
26:32 Light Cavalry
29:14 Hand Cart
28:55 Crossbowman
30:54 Pikeman
SmellyMcSmonker
11:09 Feudal Age
11:38 Double-Bit Axe
12:37 Town Watch
16:46 Castle Age
15:35 Stone Mining
17:47 Horse Collar
18:33 Fletching
20:57 Heavy Plow
21:51 Bow Saw
24:17 Corvinian Army
26:35 Scale Barding Armor
26:48 Gold Mining
27:57 Chain Barding Armor
29:01 Bloodlines
34:04 Imperial Age
Connection lost

Rejoining the realm…

Still unreachable

The connection could not be restored.

Session expired

The server has moved on; the page needs a fresh start.